Cogmind - Beta 13 @@@ ROGUE MODE // 2024.05.15 @ 22:33:29 Player: GFYguy Result: Self-destructed Performance ------------- Evolutions (1) 500 Regions Visited (3) 600 Robots Destroyed (20) 100 Value Destroyed (435) 435 Prototype IDs (2) 40 Alien Tech Used (0) 0 Bonus (0) 0 TOTAL SCORE: 1675 Bonus ------- None Cogmind --------- Core Integrity 232/400 Matter 295/300 Energy 50/100 System Corruption 0% Temperature Cool (30) Movement Core (250) Ox4 Location -9/Storage Parts ------- > --- POWER (1) -------- (None) > --- PROPULSION (3) --- (None) > --- UTILITY (3) ------ Improved Heat Sink Small Storage Unit ECM Suite > --- WEAPON (2) ------- Improved Medium Laser Improved Medium Laser > --- INVENTORY (8) ---- Improved Ion Engine Improved Flight Unit Improved Flight Unit Medium Storage Unit High-capacity Storage Unit Improved Terrain Scanner Shield Generator Improved Medium Laser Peak State ------------ > --- POWER ------------ Light Nuclear Core > --- PROPULSION ------- Wheel Wheel > --- UTILITY ---------- Improved Heat Sink Small Storage Unit Improved Terrain Scanner > --- WEAPON ----------- Improved Medium Laser Improved Medium Laser > --- INVENTORY -------- Ion Engine Ion Engine Improved Flight Unit Improved Flight Unit Medium Storage Unit Large Storage Unit Improved Medium Laser [Rating: 19] Favorites ----------- Power Light Nuclear Core Engine Ion Engine Power Core Light Nuclear Core Propulsion Wheel Wheel Wheel Flight Unit Improved Flight Unit Utility Small Storage Unit Device Improved Heat Sink Storage Small Storage Unit Weapon Improved Medium Laser Energy Gun Improved Medium Laser Build | -11 -10 -9 -9 ------- Run | Yrd Mat Mat Sto Slots Evolved 2 | . . 2 . Power . | . . . . Propulsion 1 | . . 1 . Utility 1 | . . 1 . Weapon . | . . . . Parts Attached 21 | 7 11 2 1 Power 4 | 1 3 . . Engine 2 | 1 1 . . Core 2 | . 2 . . Reactor . | . . . . Propulsion 6 | 2 3 . 1 Treads . | . . . . Leg . | . . . . Wheel 5 | 2 2 . 1 Hover . | . . . . Flight 1 | . 1 . . Utility 6 | 2 2 2 . Device 5 | 1 2 2 . Storage 1 | 1 . . . Processor . | . . . . Hackware . | . . . . Protection . | . . . . Artifact . | . . . . Weapon 5 | 2 3 . . Energy Gun 5 | 2 3 . . Energy Cannon . | . . . . Ballistic Gun . | . . . . Ballistic Cannon . | . . . . Launcher . | . . . . Special Weapon . | . . . . Impact Weapon . | . . . . Slashing Weapon . | . . . . Piercing Weapon . | . . . . Special Melee Weapon . | . . . . Unidentified Prototypes 2 | . 2 . . Parts Lost 5 | . 1 . 4 Power 1 | . . . 1 Propulsion 4 | . 1 . 3 Utility . | . . . . Weapon . | . . . . Highest Loss Streak 4 | . 1 . 4 To Critical Strikes . | . . . . Average Slot Usage (%) 94 | . 97 88 84 Engine 2 | . 4 . . Core 10 | . 9 11 10 Wheel 24 | . 26 22 19 Device 15 | . 13 22 22 Storage 13 | . 14 11 11 Energy Gun 26 | . 27 22 22 Naked Turns . | . . . . Heaviest Build 19 | 13 17 19 19 Greatest Support 20 | 20 20 20 20 Greatest Overweight (x) 4 | . 1 . 4 Average Overweight (x) . | . . . . Largest Inventory Capacity 8 | 8 8 8 8 Average Capacity 7 | 6 8 8 8 Most Carried 8 | 5 8 8 8 Average Carried 7 | 3 7 7 8 Final Capacity 8 | 8 8 8 8 Final Carried 8 | 4 8 8 8 Class Distribution -------------------- 93% | Mutant 6% | Scavenger-Mutant Dominant Class ---------------- Mutant | -10/Materials Scavenger-Mutant | -9/Materials Mutant | -9/Storage Resources | -11 -10 -9 -9 ----------- Run | Yrd Mat Mat Sto Matter Collected 417 | 206 164 47 . Remotely . | . . . . Salvage Created 661 | 24 549 59 29 Parts 48 | 5 35 5 3 Haulers Intercepted 2 | . 2 . . Recyclers Shooed . | . . . . Parts Field Recycled . | . . . . Retrieved Matter . | . . . . Parts Self-Destructed . | . . . . Prevented . | . . . . Kills | -11 -10 -9 -9 ------- Run | Yrd Mat Mat Sto Combat Hostiles Destroyed 12 | . 10 1 1 Guns 11 | . 9 1 1 Classes Destroyed 8 | 1 5 1 1 Worker 1 | . 1 . . Tunneler 1 | 1 . . . Hauler 2 | . 2 . . Operator 1 | . . . 1 Watcher 3 | . 3 . . Swarmer 4 | . 3 . 1 Grunt 7 | . 7 . . Sentry 1 | . . 1 . Best Kill Streak 4 | 1 4 1 1 Combat Bots Only 3 | . 3 1 1 Max Kills in Single Turn 1 | 1 1 1 1 Gunslinging . | . . . . Exploded . | . . . . Melee . | . . . . Uniques/NPCs Destroyed . | . . . . Combat | -11 -10 -9 -9 -------- Run | Yrd Mat Mat Sto Hostile Shots Fired 98 | . 40 2 56 Missed 27 | . 12 1 14 Damage Taken 783 | . 310 18 455 Core 263 | . 95 18 150 Absorbed by Shields . | . . . . Regen/Repaired (Parts) 6 | . 6 . . Core Remaining (%) 81 | 100 62 . . Volleys Fired 49 | 1 43 2 3 Largest 2 | 2 2 2 2 Hottest 112 | 80 112 112 112 Shots Fired 92 | 2 80 4 6 Gun 92 | 2 80 4 6 Cannon . | . . . . Launcher . | . . . . Special . | . . . . Kinetic . | . . . . Thermal 92 | 2 80 4 6 Explosive . | . . . . Electromagnetic . | . . . . Robot Hit Streak 20 | 1 20 7 3 Robot Miss Streak 3 | . 3 . 2 Penetration Max . | . . . . Secondary Targets 1 | . . . 1 Max Gunslinging Chain 1 | . . . 1 Shots Hit Robots 62 | 1 55 3 3 Core Hits 21 | 1 16 2 2 Critical Kills . | . . . . Critical Parts Destroyed . | . . . . Critical Strikes 9 | . 8 1 . Burn 9 | . 8 1 . Melee Attacks . | . . . . Impact . | . . . . Slashing . | . . . . Piercing . | . . . . Sneak Attacks . | . . . . Combat Hostiles . | . . . . Follow-up Attacks . | . . . . Damage Inflicted 1043 | 11 928 53 51 Guns 1043 | 11 928 53 51 Cannons . | . . . . Explosions . | . . . . Melee . | . . . . Ramming . | . . . . Kinetic . | . . . . Thermal 1043 | 11 928 53 51 Explosive . | . . . . Electromagnetic . | . . . . Impact . | . . . . Slashing . | . . . . Piercing . | . . . . Highest Corruption 6 | . 6 . . Average Corruption 3 | . 3 . . Corruption Purged . | . . . . Corruption Blocked . | . . . . Effects 10 | . 10 . . Message Errors 3 | . 3 . . Matter Fused 3 | . 3 . . Heat Flow Errors 1 | . 1 . . Energy Discharges 1 | . 1 . . Parts Rejected 1 | . 1 . . Alerts 1 | . 1 . . Overload Shots . | . . . . Overflow Damage . | . . . . Projectiles . | . . . . Explosions . | . . . . Melee . | . . . . Knockbacks . | . . . . Impact . | . . . . Kinetic . | . . . . Secondary . | . . . . Self-Inflicted Damage . | . . . . Shots . | . . . . Rammed . | . . . . Targets Rammed . | . . . . Kicked . | . . . . Crushed . | . . . . Highest Temperature 345 | 18 345 47 31 Average Temperature 87 | 12 94 25 16 Received Heat Transfer 285 | . 138 . 147 Effects 2 | . 2 . . Interference 2 | . 2 . . Siege Activations . | . . . . Robots Corrupted . | . . . . Combat Hostiles . | . . . . Parts Fried . | . . . . Impact Corruptions . | . . . . Robots Melted 2 | . 2 . . Combat Hostiles 1 | . 1 . . Parts Melted 8 | . 7 . 1 Heat Transferred 2948 | 25 2627 185 111 Parts Sabotaged . | . . . . Parts Stolen . | . . . . Parts Stripped . | . . . . Power Chain Reactions . | . . . . Alert | -11 -10 -9 -9 ------- Run | Yrd Mat Mat Sto Peak Influence 291 | 5 291 113 88 Initial 63 | . 3 63 47 Average 98 | . 120 79 59 Maximum Alert Level 1 | . 1 . . Low Security (%) 86 | 100 79 100 100 Level 1 13 | . 20 . . Level 2 . | . . . . Level 3 . | . . . . Level 4 . | . . . . Level 5 . | . . . . High Security . | . . . . Max Security . | . . . . Squads Dispatched 1 | . 1 . . Investigation . | . . . . Extermination . | . . . . Reinforcement 1 | . 1 . . Assault . | . . . . Garrison . | . . . . Intercept . | . . . . Searches Triggered . | . . . . Construction Impeded . | . . . . Haulers Reinforced . | . . . . Active Scanning Responses . | . . . . Cargo Convoy Interrupts . | . . . . Stealth | -11 -10 -9 -9 --------- Run | Yrd Mat Mat Sto Distress Signals 4 | . 2 . 2 Communications Jammed . | . . . . Distress Signals . | . . . . Times Spotted 36 | . 16 1 19 Peak Tracking Total 12 | . 3 1 12 Tactical Retreats 4 | . 1 . 3 Traps | -11 -10 -9 -9 ------- Run | Yrd Mat Mat Sto Traps Triggered 3 | . 3 . . Indirectly . | . . . . Trap Hack Attempts . | . . . . Triggered . | . . . . Disarmed . | . . . . Reprogrammed . | . . . . Reused . | . . . . Traps Extracted . | . . . . Installed . | . . . . Triggered . | . . . . Machines | -11 -10 -9 -9 ---------- Run | Yrd Mat Mat Sto Machines Disabled 1 | . 1 . . Max in Single Turn 1 | . 1 . . Machines Repaired . | . . . . Machines Dismantled . | . . . . Machines Sabotaged . | . . . . Overloaded Fab Kills . | . . . . Hacking | -11 -10 -9 -9 --------- Run | Yrd Mat Mat Sto Machines Accessed 4 | . 2 2 . Terminals 2 | . 1 1 . Fabricators . | . . . . Repair Stations 1 | . 1 . . Recycling Units 1 | . . 1 . Scanalyzers . | . . . . Garrison Access . | . . . . Total Hacks 11 | . 4 7 . Successful 6 | . 2 4 . Failed 5 | . 2 3 . Catastrophic 2 | . 2 . . Database Lockouts . | . . . . Manual . | . . . . Terminals 5 | . 2 3 . Fabricators . | . . . . Repair Stations 2 | . 2 . . Recycling Units 4 | . . 4 . Scanalyzers . | . . . . Garrison Access . | . . . . Terminal Hacks 2 | . . 2 . Alert Level 1 | . . 1 . Hauler Manifests 1 | . . 1 . Fabricator Hacks . | . . . . Repair Station Hacks 2 | . 2 . . Scan Component 1 | . 1 . . Repair 1 | . 1 . . Recycling Unit Hacks 2 | . . 2 . Report Inventory 1 | . . 1 . Retrieve Components 1 | . . 1 . Scanalyzer . | . . . . Garrison Access Hacks . | . . . . Unauthorized Hacks . | . . . . Terminals . | . . . . Fabricators . | . . . . Repair Stations . | . . . . Recycling Units . | . . . . Scanalyzers . | . . . . Garrison Access . | . . . . Data Cores Recovered 1 | . . . 1 Used . | . . . . Hacking Detections 3 | . 1 2 . Full Trace Events 1 | . . 1 . Feedback Events . | . . . . Feedback Blocked . | . . . . Robot Schematics Acquired . | . . . . Robots Built . | . . . . Authchips . | . . . . Time . | . . . . Total Robot Build Rating . | . . . . Part Schematics Acquired . | . . . . Parts Built . | . . . . Authchips . | . . . . Time . | . . . . Total Part Build Rating . | . . . . Parts Repaired 1 | . 1 . . Time 38 | . 38 . . Parts Recycled . | . . . . Recycled Matter . | . . . . Retrieved Matter . | . . . . Retrieved Components 3 | . . 3 . Parts Scanalyzed . | . . . . Part Schematics Acquired . | . . . . Parts Damaged . | . . . . Bothacking | -11 -10 -9 -9 ------------ Run | Yrd Mat Mat Sto Used RIF Installer . | . . . . Robots Hacked . | . . . . Non-combat . | . . . . Combat . | . . . . Robot Hacks Applied . | . . . . Relay Couplers Released . | . . . . Fabnet Peak Effective % . | . . . . Robots Rewired . | . . . . Allies Hacked . | . . . . Hacks Repelled . | . . . . Allies | -11 -10 -9 -9 -------- Run | Yrd Mat Mat Sto Total Allies . | . . . . Largest Group . | . . . . Highest-Rated Group . | . . . . Highest-Rated Ally . | . . . . Total Orders . | . . . . Ally Attacks . | . . . . Total Damage . | . . . . Kills . | . . . . Allies Corrupted . | . . . . Allies Melted . | . . . . Intel | -11 -10 -9 -9 ------- Run | Yrd Mat Mat Sto Robot Analysis Total . | . . . . Derelict Logs Recovered . | . . . . Drone Launches . | . . . . Drone Recoveries . | . . . . Exploration | -11 -10 -9 -9 ------------- Run | Yrd Mat Mat Sto Turns Passed 862 | 61 571 111 119 Spaces Moved 731 | 49 435 120 127 Core 5 | 3 . . 2 Treads . | . . . . Legs . | . . . . Wheels 726 | 46 435 120 125 Hover . | . . . . Flight . | . . . . Fastest Speed 50 | 50 80 80 80 Average Speed 81 | 78 80 80 84 Slowest Speed 250 | 80 95 80 250 Overloaded Moves . | . . . . Propulsion Burnouts . | . . . . Robots Hopped . | . . . . Cave-ins Triggered . | . . . . Exploration Rate (%) 28 | 4 70 13 28 Regions Visited 3 Branch Regions 1 Pre-discovered Areas . | . . . . Known Exits Taken . | . . . . Unknown Exits Taken 3 | 1 1 1 . Scrap Searched . | . . . . Spaces Dug . | . . . . Terrain Destroyed . | . . . . Melee . | . . . . Projectile . | . . . . AOE . | . . . . Terrain Rammed . | . . . . Walls Destroyed . | . . . . Machines Disabled . | . . . . Actions | -11 -10 -9 -9 --------- Run | Yrd Mat Mat Sto Total 904 | 69 573 131 131 Wait 67 | . 66 1 . Move 728 | 48 434 119 127 Hop . | . . . . Pick Up 27 | 12 11 4 . Fast Attach 4 | . 3 . 1 Attach 8 | 7 . 1 . Detach . | . . . . Swap 9 | . 8 1 . Drop 12 | 1 8 3 . Fire 49 | 1 43 2 3 Melee . | . . . . Ram . | . . . . Kick . | . . . . Crush . | . . . . Escape Stasis . | . . . . Rewire . | . . . . Trap . | . . . . Miscellaneous . | . . . . Route ------- -11/Scrapyard -10/Materials (discovered 3 exits: *Mat x2 / [*Min]) -9/Materials -9/Storage History --------- Turn | Location | Event 41 | -11/Scrapyard | Discovered new exit (range 12) 62 | -11/Scrapyard | Entered Materials 310 | -10/Materials | Build established: Mutant 319 | -10/Materials | Discovered new exit (range 5) 360 | -10/Materials | Discovered new exit (range 8) 489 | -10/Materials | Discovered new exit (range 8) 565 | -10/Materials | Repaired Imp. Heat Sink 633 | -10/Materials | Entered another Materials area 633 | -9/Materials | Evolved 2 slots: Propulsion x1, Utility x1 711 | -9/Materials | Discovered new exit (range 11) 744 | -9/Materials | Entered Storage 863 | -9/Storage | Self-destructed Last Messages --------------- Acquired Shield Generator. LOCATION=UNKNOWN GOAL=ESCAPE Connecting with Terminal... Current location identified: Storage O-16 Technician destroyed. Acquired data core, extracted dynamic key. Decrypted 6 local trap positions from data. K-01 Serf collects debris. Wheel destroyed. C-30 ARC bursts open, deploying its payload. S-10 Pest unfolds itself. Lgt. Nuclear Core destroyed. Wheel destroyed. Acquired Arm. Wheel. Flight Unit melted. S-10 Pest destroyed. Switching to secondary target: Y-45 Defender. Arm. Wheel destroyed. Critical hit (Burn: +37). Map ----- +----------------------------------------------------+ | ???????????????????????????????? | | ???????????????????????????????? | | ???????????????????????????????? | | ???????????????????????????????? | | ???????????????????????????????? | | ???????????????????????????????? | | ???????????????? ?????????????? | | ???????????????? ?????????????? | | ???????????????? ?????????????? | | ???########????? #????????????? | | ???# ? #?? ????????????? | | #### """ """ #?? ????????????? | | ? "" """ """ +?? ????????????? | | ??G """ """ #?? ????????????? | | ???" #?? ????????????? | | ??## ] ???# #????????????? | | ??# ?????#"##???????????? | | ???? ???????#%"????????????? | | ?????#/#???#+#??#"#????????????? | | ?????# #???# #### ##########???? | | ?????# #???# /Ys #???? | | ?????# #???# # ] ! #???? | | ###### ##### # s% #???? | | gY Y # !* #???? | | g Y/ = #???? | | # @ #???? | | ######+######/##### #???? | | ????? ???# ## #???? | | ?????" "???# ## k #???? | | ?????" "???# """ ##########???? | | ?????" "???# """ ##????????????? | | ????? ???# """ #?????????????? | | ????? ???# #?????????????? | | ????? ???# """ #?????????????? | | ????? ???# """ #?????????????? | | ?????###???# ??? ??????????????? | | ???????????? ??????????????????? | | ???????????????????????????????? | | | | | | | | | | | | | | | | | | | | | | | | | +----------------------------------------------------+ Best States ------------- Heat Dissipation 42 Energy Generation 14 Energy Capacity 250 Matter Stores 300 Matter Capacity 300 Sight Range 16 Terrain Scan Range 16 Terrain Scan Density 10 ECM Strength 1 Evasion (%) 44 Item Schematics ----------------- None Robot Schematics ------------------ None Fabricated ------------ Nothing Alien Tech Used ----------------- None Achievements -------------- None Challenges ------------ None Game ------ Seed SuperchargedLargeFragment Manual? 0 Play Time 00:15:07 Cumulative 12.3 hours Start 2024.05.15 @ 22:15:54 End 2024.05.15 @ 22:33:29 Sessions 1 Manual Loads 0 Difficulty Rogue Special Mode None Game No. 14 Rogue 14 Adventurer 0 Explorer 0 Win Type - Total 0 Types 0/0/0/0/0/0/0/0/0 Lore% 4 Gallery% 18 Achievement% 16 Wizard Run 0 Options --------- Layout 1 ASCII 0 Keyboard 0 Movement Mouse Keybinds 0 Fullscreen 2 Font 24/Smallcaps Map View 50x35 Zoom Use 3% Tactical HUD 0 Map Filters NONE Filters NONE Steam 1 RUN: dd824e0f-3d44-451c-a080-a0049d5c74e2